AoeStats
← Technotronic

MegaRandom

510417556Analyzed
4v4 RM · 2d ago on Sep 30, 2026· 47m 16s· 8 players
Game mode
Random Map
Map size
Large (8 player)
Population
200
Speed
Normal
Resources
Standard
Victory
Conquest
Starting age
Dark Age
Ending age
Imperial Age
RankedLock teamsTeams togetherTeam positionsShared explorationLock speedFull tech treeHidden civsTurbo modeCheats
Victory
Defeat
🇮🇹 Dravidians · Italy
1307
+15
🇺🇸 Lithuanians · United States
1264
+16
🇺🇸 Turks · United States
1260
+17
🇸🇻 Saxons · El Salvador
1251
+17
🇦🇷 Poles · Argentina
1315
-19
1280
-16
🇦🇷 Persians · Argentina
1250
-15
🇨🇱 Mongols · Chile
1248
-15
el Paly
12:10 Feudal Age
13:09 Horse Collar
17:19 Bloodlines
19:14 Castle Age
18:08 Forging
18:59 Loom
19:11 Gold Mining
19:16 Light Cavalry
19:58 Husbandry
20:35 Iron Casting
23:41 Scale Barding Armor
24:49 Wheelbarrow
25:12 Chain Barding Armor
27:00 Double-Bit Axe
28:56 Hand Cart
29:05 Heavy Plow
38:34 Imperial Age
36:12 Town Watch
38:59 Cavalier
41:51 Szlachta Privileges
42:48 Blast Furnace
Si me criticas te fedeo
0:29 Loom
10:43 Feudal Age
11:17 Double-Bit Axe
12:32 Wheelbarrow
13:22 Horse Collar
21:02 Castle Age
22:29 Heavy Plow
22:51 Bow Saw
23:56 Hand Cart
23:27 Town Watch
24:45 Gold Mining
31:32 Imperial Age
29:27 Stone Mining
30:13 Gold Shaft Mining
30:29 Fervor
30:19 Fletching
31:07 Ballistics
30:26 Crossbowman
31:13 Bodkin Arrow
31:38 Arbalester
32:47 Thumb Ring
32:47 Eupseong
34:06 Stone Shaft Mining
34:45 Chemistry
33:58 Bracer
34:22 Murder Holes
34:09 Treadmill Crane
35:39 Conscription
37:44 Siege Engineers
37:30 Heated Shot
37:51 Masonry
39:48 Guilds
40:08 Coinage
Technotronic
4:32 Loom
10:07 Feudal Age
11:33 Double-Bit Axe
13:29 Horse Collar
18:36 Wheelbarrow
17:55 Gold Mining
22:08 Castle Age
20:30 Scale Barding Armor
22:10 Bloodlines
22:20 Forging
22:45 Heavy Plow
22:57 Bow Saw
24:19 Town Watch
26:25 Chain Barding Armor
29:05 Husbandry
29:42 Iron Casting
30:21 Hand Cart
33:50 Fletching
37:13 Imperial Age
36:52 Cavalier
38:09 Plate Barding Armor
38:34 Blast Furnace
37:41 Light Cavalry
39:05 Guilds
39:09 Savar
El Conchetumare
9:51 Feudal Age
8:09 Loom
14:27 Castle Age
13:17 Double-Bit Axe
16:05 Fletching
23:09 Ballistics
23:29 Bodkin Arrow
24:39 Bloodlines
24:45 Horse Collar
25:29 Husbandry
30:48 Imperial Age
30:21 Padded Archer Armor
31:24 Leather Archer Armor
31:23 Thumb Ring
32:55 Chemistry
31:56 Bracer
32:34 Conscription
33:32 Parthian Tactics
36:20 Onager
37:59 Bow Saw
37:44 Stone Mining
37:45 Gold Mining
42:09 Siege Onager
Flave Tycoon
6:28 Loom
8:59 Feudal Age
9:35 Double-Bit Axe
10:30 Horse Collar
11:51 Town Watch
21:04 Castle Age
19:25 Scale Barding Armor
19:31 Forging
19:54 Gold Mining
20:23 Bloodlines
23:00 Bow Saw
29:02 Wheelbarrow
35:23 Imperial Age
33:13 Hand Cart
35:47 Cavalier
37:28 Chain Barding Armor
37:43 Iron Casting
37:38 Paladin
38:50 Conscription
39:58 Plate Barding Armor
43:29 Chemistry
WasItSafe
5:24 Loom
11:11 Feudal Age
12:21 Double-Bit Axe
14:43 Bloodlines
21:51 Castle Age
19:44 Horse Collar
22:48 Wheelbarrow
23:12 Stone Mining
24:38 Husbandry
28:25 Forging
28:21 Scale Barding Armor
35:42 Imperial Age
34:05 Iron Casting
33:50 Chain Barding Armor
33:35 Padded Archer Armor
34:49 Hand Cart
35:09 Chain Barding Armor
35:45 Heavy Camel Rider
38:36 Blast Furnace
38:27 Conscription
43:59 Heavy Plow
47:22 Artillery
Yaoces
7:42 Loom
10:19 Feudal Age
18:07 Castle Age
16:23 Fletching
18:46 Double-Bit Axe
18:43 Horse Collar
20:35 Heavy Plow
20:47 Bow Saw
25:53 Forging
27:33 Scale Mail Armor
31:28 Arson
32:23 Squires
34:14 Wheelbarrow
35:24 Chain Mail Armor
35:45 Iron Casting
41:08 Imperial Age
42:23 Conscription
42:38 Plate Mail Armor
41:41 Elite Hearth Troop
42:18 Elite Varangian Guard
42:52 Shield Wall
46:32 Town Watch
lillithadam20
12:25 Feudal Age
16:03 Castle Age
14:49 Double-Bit Axe
14:46 Horse Collar
18:00 Bow Saw
21:56 Wheelbarrow
21:08 Loom
22:56 Hand Cart
24:02 Gold Mining
27:28 Imperial Age
25:37 Fletching
25:48 Padded Archer Armor
26:10 Ballistics
26:15 Bodkin Arrow
26:21 Padded Archer Armor
27:00 Thumb Ring
28:16 Leather Archer Armor
27:38 Elite Elephant Archer
28:36 Husbandry
29:42 Stone Mining
31:29 Chemistry
29:51 Elite Skirmisher
30:49 Leather Archer Armor
30:36 Bracer
31:19 Leather Archer Armor
33:50 Ring Archer Armor
34:42 Two-Man Saw
37:04 Guilds
38:56 Masonry
Connection lost

Rejoining the realm…

Still unreachable

The connection could not be restored.

Session expired

The server has moved on; the page needs a fresh start.